Map: Abyssal Reef LE

Players

Serral - Winner!

  • Race: Zerg Zerg
  • Spawn Location: 5:00

PiLiPiLi

  • Race: Protoss Protoss
  • Spawn Location: 11:00

Event: IEM XI Katowice - World Championship 2017

VOD

Have the link to the VOD?

Description

Time

  • Played on: March 3, 2017, 1:32 a.m.
  • Length: 12:57

All games in this series

Show
View Real Time Build Order
Export as new Build Order

Serral Zerg - Winner!

Build Orders: Hatch First 

Get SALT Encoding   

  12  0:00  Drone  
  13  0:13  Overlord  
  13  0:17  Drone  
  14  0:31  Drone x2  
  14  0:35  Drone  
  17  0:52  Hatchery  
  17  0:55  Drone  
  17  0:58  Drone  
  18  1:08  Extractor  
  17  1:12  Spawning Pool  
  17  1:16  Drone  
  17  1:19  Drone  
  18  1:28  Drone  
  19  1:39  Overlord  
  19  1:50  Drone  
  20  2:00  Queen  
  22  2:01  Zergling x2  
  22  2:04  Zergling x2, Queen  
  26  2:09  Metabolic Boost  
  26  2:12  Drone  
  27  2:15  Drone  
  27  2:22  Drone  
  29  2:26  Drone  
  30  2:34  Drone  
  30  2:36  Drone  
  32  2:48  Hatchery, Drone  
  32  2:52  Overlord  
  32  2:57  Zergling x2  
  33  2:58  Drone  
  33  3:05  Drone  
  35  3:10  Queen, Drone  
  38  3:14  Drone  
  38  3:15  Drone  
  38  3:16  Drone  
  40  3:20  Overlord  
  40  3:24  Drone  
  42  3:27  Drone  
  42  3:28  Drone  
  43  3:37  Overlord  
  43  3:42  Spore Crawler, Drone  
  43  3:44  Drone  
  43  3:46  Queen  
  46  3:48  Spore Crawler  
  46  3:51  Drone x2  
  46  3:55  Overlord  
  47  3:56  Drone  
  47  4:01  Queen  
  50  4:05  Evolution Chamber  
  50  4:07  Pneumatized Carapace  
  47  4:13  Drone x2  
  47  4:14  Drone  
  49  4:18  Drone x2  
  49  4:20  Drone  
  49  4:23  Drone  
  53  4:27  Baneling Nest  
  53  4:30  Queen  
  54  4:36  Spore Crawler, Drone  
  54  4:38  Overlord  
  54  4:42  Zergling x4  
  56  4:46  Zergling x6  
  59  4:53  Zergling x8  
  59  4:58  Zergling x6  
  66  5:02  Overlord  
  66  5:03  Overlord  
  66  5:06  Overlord  
  66  5:20  Queen  
  68  5:21  Zergling x2  
  68  5:22  Zergling x14  
  68  5:25  Baneling  
  68  5:26  Baneling x6  
  76  5:29  Zergling x4  
  76  5:30  Zergling x2  
  76  5:32  Baneling x2  
  76  5:33  Baneling  
  76  5:35  Zergling x4  
  81  5:40  Zergling x2  
  81  5:41  Zergling x6  
  85  5:43  Baneling x2  
  85  5:44  Baneling x3  
  80  5:52  Zergling x8  
  80  5:53  Zergling x2  
  79  5:59  Zergling x6  
  81  6:05  Zergling x6  
  81  6:09  Zergling x6  
  81  6:12  Zergling x4  
  81  6:18  Zergling x2  
  82  6:25  Zergling x4  
  82  6:28  Lair  
  81  6:38  Zergling x10  
  81  6:39  Zergling x2  
  87  6:41  Zergling x4  
  86  6:51  Zergling x2  
  86  6:53  Zergling x2  
  87  6:56  Drone  
  87  6:57  Overlord x2  
  87  7:00  Extractor x2  
  87  7:01  Extractor x2  
  76  7:02  Overlord  
  76  7:03  Drone x2  
  76  7:04  Drone  
  76  7:07  Drone  
  77  7:09  Queen x2  
  77  7:11  Drone  
  77  7:15  Extractor, Drone  
  82  7:16  Drone x3  
  82  7:20  Drone x2  
  87  7:23  Drone  
  87  7:27  Spire  
  86  7:31  Drone x4  
  86  7:32  Drone  
  86  7:35  Drone  
  86  7:36  Zerg Melee Weapons Level 1  
  92  7:38  Drone  
  92  7:39  Drone x2  
  92  7:44  Drone x2  
  97  7:45  Drone  
  97  7:50  Drone x2  
  97  7:51  Drone  
  101  7:54  Drone  
  101  7:56  Drone  
  103  7:59  Overlord x2  
  103  8:00  Drone x2  
  103  8:10  Hatchery  
  101  8:13  Overlord  
  101  8:14  Drone x2  
  101  8:16  Drone x2  
  101  8:19  Drone x3  
  107  8:21  Drone  
  107  8:26  Drone x3  
  111  8:27  Drone  
  111  8:28  Overlord  
  112  8:39  Zerg Flyer Armor Level 1, Overlord x2  
  112  8:47  Drone  
  113  8:48  Corruptor x3  
  113  8:53  Corruptor  
  121  9:01  Corruptor x3  
  126  9:08  Corruptor x2  
  128  9:15  Corruptor x2  
  132  9:23  Hatchery  
  131  9:33  Corruptor x4  
  138  9:43  Drone x3  
  138  9:44  Extractor, Drone x2  
  142  9:48  Corruptor  
  142  9:49  Corruptor x3  
  150  9:56  Overlord, Drone x3  
  150  9:59  Overlord x2  
  153  10:01  Overlord  
  153  10:07  Overlord  
  153  10:11  Corruptor x2  
  157  10:14  Corruptor  
  154  10:25  Corruptor  
  154  10:26  Corruptor x2  
  149  10:31  Extractor, Drone x5  
  149  10:32  Drone  
  149  10:34  Corruptor  
  152  10:39  Corruptor  
  146  10:43  Corruptor  
  146  10:47  Zergling x8  
  146  10:48  Zergling x8  
  145  10:55  Zergling x4  
  145  11:00  Corruptor x3  
  144  11:07  Corruptor  
  139  11:15  Extractor  
  139  11:16  Drone x3  
  139  11:17  Drone x2  
  139  11:18  Drone x2  
  142  11:19  Drone x2  
  142  11:20  Corruptor x2, Drone x2  
  150  11:35  Corruptor x3  
  156  11:41  Corruptor  
  156  11:42  Queen x4  
  156  11:45  Zergling x2  
  156  11:46  Zergling x4  
  167  11:51  Corruptor  
  167  11:52  Corruptor  
  166  12:01  Corruptor x3  
  166  12:08  Zergling x12  
  175  12:12  Corruptor x2  
  173  12:18  Corruptor x2  
  173  12:22  Zergling x10  
  164  12:32  Zergling x2  
  164  12:33  Zergling x4  
Show
View Real Time Build Order
Export as new Build Order

PiLiPiLi Protoss 

Build Orders: 1 Gate Expand, Oracle Opening, Phoenix Opening 

Get SALT Encoding   

  12  0:00  Probe (Chrono Boost)  
  13  0:11  Probe (Chrono Boost)  
  14  0:17  Pylon  
  14  0:22  Probe (Chrono Boost)  
  16  0:35  Probe (Chrono Boost)  
  16  0:39  Gateway  
  16  0:46  Probe (Chrono Boost)  
  16  0:48  Assimilator  
  17  0:57  Probe (Chrono Boost)  
  18  1:07  Probe (Chrono Boost)  
  19  1:20  Nexus  
  19  1:23  Probe (Chrono Boost)  
  20  1:32  Cybernetics Core  
  20  1:35  Probe (Chrono Boost)  
  21  1:43  Assimilator  
  22  1:47  Probe (Chrono Boost)  
  22  1:54  Pylon  
  22  1:57  Probe (Chrono Boost)  
  23  2:07  Warp Gate  
  23  2:09  Adept  
  23  2:14  Probe (Chrono Boost)  
  26  2:26  Probe (Chrono Boost)  
  27  2:31  Stargate  
  27  2:32  Zealot  
  27  2:33  Probe (Chrono Boost)  
  31  2:38  Probe (Chrono Boost)  
  31  2:43  Probe (Chrono Boost)  
  31  2:51  Probe (Chrono Boost)  
  33  3:00  Probe (Chrono Boost)  
  33  3:03  Probe (Chrono Boost)  
  34  3:09  Gateway  
  34  3:10  Oracle, Gateway, Probe (Chrono Boost)  
  39  3:20  Probe (Chrono Boost)  
  39  3:24  Mothership Core (Chrono Boost)  
  39  3:26  Pylon  
  41  3:32  Probe (Chrono Boost)  
  42  3:42  Probe (Chrono Boost)  
  42  3:45  Probe (Chrono Boost)  
  42  3:47  Phoenix  
  44  3:52  Probe (Chrono Boost)  
  44  3:55  Pylon  
  48  3:57  Probe (Chrono Boost)  
  48  4:03  Probe (Chrono Boost)  
  48  4:09  Probe (Chrono Boost)  
  50  4:12  Assimilator  
  50  4:13  Probe (Chrono Boost)  
  50  4:14  Assimilator  
  50  4:16  Nexus  
  51  4:18  Pylon  
  51  4:21  Probe (Chrono Boost)  
  53  4:24  Probe (Chrono Boost)  
  53  4:32  Adept x3  
  53  4:33  Probe (Chrono Boost)  
  53  4:34  Probe (Chrono Boost)  
  61  4:44  Probe (Chrono Boost)  
  61  4:45  Probe (Chrono Boost)  
  63  4:49  Pylon  
  63  4:55  Probe (Chrono Boost)  
  63  4:56  Probe (Chrono Boost)  
  65  5:03  Stargate, Fleet Beacon  
  65  5:05  Probe (Chrono Boost)  
  65  5:06  Probe (Chrono Boost)  
  67  5:07  Stargate  
  67  5:12  Assimilator  
  67  5:16  Probe (Chrono Boost)  
  67  5:17  Probe (Chrono Boost)  
  67  5:20  Adept x2  
  73  5:26  Probe (Chrono Boost)  
  74  5:33  Pylon  
  74  5:35  Void Ray  
  74  5:42  Adept x3  
  77  5:57  Mothership Core (Chrono Boost), Void Ray  
  77  6:04  Zealot x3  
  60  6:25  Adept x2  
  70  6:26  Adept  
  70  6:27  Carrier  
  72  6:37  Pylon  
  72  6:38  Pylon  
  72  6:43  Pylon  
  72  6:46  Pylon  
  72  6:47  Adept x2  
  74  6:52  Carrier  
  76  6:57  Adept  
  78  7:03  Pylon  
  84  7:09  Pylon  
  84  7:10  Pylon  
  84  7:19  Probe x2 (Chrono Boost)  
  86  7:27  Carrier  
  92  7:32  Nexus  
  92  7:33  Pylon  
  92  7:37  Pylon  
  92  7:47  Graviton Catapult  
  92  7:50  Carrier, Probe x2 (Chrono Boost)  
  94  7:55  Adept x3  
  100  7:59  Assimilator  
  100  8:03  Assimilator  
  107  8:21  Probe (Chrono Boost)  
  107  8:23  Probe (Chrono Boost)  
  107  8:24  Void Ray  
  112  8:35  Stargate  
  112  8:36  Protoss Air Weapons Level 1  
  112  8:40  Forge  
  112  8:43  Pylon  
  112  8:44  Pylon, Probe (Chrono Boost)  
  112  8:47  Carrier  
  119  9:06  Void Ray  
  119  9:13  Void Ray  
  123  9:19  Photon Cannon  
  123  9:23  Photon Cannon  
  127  9:28  Pylon  
  127  9:37  Oracle  
  128  9:43  Void Ray  
  128  9:44  Pylon  
  128  9:50  Pylon, Void Ray  
  132  9:55  Stargate  
  132  9:59  Pylon  
  136  10:13  Void Ray  
  140  10:14  Stalker x2  
  140  10:15  Stalker  
  146  10:30  Photon Cannon  
  146  10:31  Photon Cannon  
  125  10:46  Void Ray x2  
  119  10:51  Adept x3  
  129  11:11  Pylon  
  129  11:17  Void Ray  
  125  11:22  Probe x3 (Chrono Boost)  
  125  11:24  Void Ray  
  123  11:45  Adept x3  
  129  11:50  Void Ray  
  92  12:23  Adept x3  

Tags
 
Add a new tag
Caveats
  • Supply blocks, unpowered buildings, or Contaminate may cause inaccurate times.
  • Supply counts are checked every 10 seconds.